 Dungeon Crawl Stone Soup version 0.24.0-123-gd5b16e6ec5 (webtiles) character file.

Game seed: 6832542064089163990, levelgen mode: deterministic

87 glosham the Chopper (level 4, -7/35 HPs)
             Began as a Mummy Abyssal Knight on Jan 12, 2020.
             Was a Follower of Lugonu.
             Killed from afar by Sigmund (15 damage)
             ... with a puff of flame
             ... on level 2 of the Dungeon.
             The game lasted 00:13:05 (755 turns).

glosham the Chopper (Mummy Abyssal Knight)           Turns: 755, Time: 00:13:05

Health: -7/35      AC:  4    Str: 19    XL:     4   Next: 28%
Magic:  14/14      EV: 11    Int: 11    God:    Lugonu [*.....]
Gold:   45         SH:  0    Dex: 11    Spells: 3/3 levels left

rFire    x . .     SeeInvis .   a - +1 hand axe
rCold    + . .     Gourm    .   (no shield)
rNeg     + + +     Faith    .   X - +1 leather armour
rPois    ∞         Spirit   .   (no helmet)
rElec    .         Reflect  .   (no cloak)
rCorr    .         Harm     .   (no gloves)
MR       .....                  (no boots)
Stlth    +.........             (no amulet)
HPRegen  0.11/turn              A - +3 ring of strength
MPRegen  0.14/turn              B - ring of magical power

@: no status effects
A: no food or potions, fire vulnerability, cold resistance 1, negative energy
resistance 3, torment resistance, unbreathing
a: Depart the Abyss, Renounce Religion


You were on level 2 of the Dungeon.
You worshipped Lugonu.
Lugonu was aware of your devotion.
You were not hungry.

You visited 1 branch of the dungeon, and saw 2 of its levels.
You visited the Abyss 1 time.

You collected 45 gold pieces.

Inventory:

Hand Weapons
 a - a +1 hand axe (weapon)
Missiles
 b - 31 stones (quivered)
Armour
 X - a +1 leather armour (worn)
Jewellery
 A - a +3 ring of strength (left hand)
 B - a ring of magical power (right hand)
Scrolls
 c - a scroll of enchant armour
 k - a scroll of teleportation


   Skills:
 - Level 3.0 Fighting
 * Level 3.8 Axes
 - Level 1.5 Armour
 - Level 0.7 Dodging
 - Level 1.5 Invocations


You had 3 spell levels left.
You didn't know any spells.
Your spell library was empty.

Dungeon Overview and Level Annotations

Branches:
Dungeon (2/15)

Altars:

Annotations:
D:2 Sigmund


Innate Abilities, Weirdness & Mutations

You do not eat or drink.
Your flesh is vulnerable to fire.
You are immune to poison.
Your flesh is cold resistant. (rC+)
You are immune to negative energy. (rN+++)
You are immune to unholy pain and torment.
You can survive without breathing.


Message History

The crimson imp shouts!
The crimson imp blinks!
Found a glass ring.
The crimson imp sputters.
You closely miss the crimson imp. The crimson imp hits you.
You slash the crimson imp!
The crimson imp is severely wounded.
The crimson imp hits you.
You closely miss the crimson imp.
The crimson imp is heavily wounded.
The crimson imp hits you but does no damage. x2
You hit the crimson imp.
The crimson imp is severely wounded.
The crimson imp hits you.
You hit the crimson imp but do no damage.
The crimson imp is severely wounded.
The crimson imp hits you but does no damage.
You slash the crimson imp!
You kill the crimson imp!
Lugonu accepts your kill.
You have reached level 4!
A bat comes into view.
The bat barely misses you.
You barely miss the bat. The bat closely misses you.
The bat hits you but does no damage.
You see here a +0 dagger.
You slash the bat!
You kill the bat!
Lugonu accepts your kill.
You now have 45 gold pieces (gained 12).
Sigmund the Dreaded comes into view.
He is wielding a +0 scythe.
Sigmund shouts!
Sigmund points at you and mumbles some strange words.
The magic dart hits you!
* * * LOW HITPOINT WARNING * * *
An adder comes into view.
Sigmund gestures at you while chanting. The puff of flame hits you!
The fire burns you terribly!
You die...

#.#........#.# .
##@............
............# #
#.##........##..
#.#.##?.......##.#
.............##.#
............###.#
####.....).# #.#
#..###@## #.#
###.#.#####.####...
##.#....)<.......
#.#.####..###...
#.#.####..#
#[..........
###.####..###
#.####..##
#........#


You could see Sigmund.

Vanquished Creatures
  A crimson imp (D:2)
  An ooze (D:1)
  A worm (D:2)
  3 dart slugs (D:1)
  A leopard gecko (D:1)
  2 giant cockroaches (D:1)
  3 goblins
  6 hobgoblins
  3 jackals (D:1)
  3 kobolds (D:1)
  7 bats
  4 rats (D:1)
35 creatures vanquished.

Notes
Turn   | Place    | Note
-------+----------+-------------------------------------------
     0 | Abyss:1  | glosham the Mummy Abyssal Knight began the quest for the
                  | Orb.
     0 | Abyss:1  | Reached XP level 1. HP: 18/18 MP: 2/2
    83 | Abyss:1  | Noticed a large abomination
    93 | Abyss:1  | Noticed a small abomination
   109 | Abyss:1  | Noticed a storm dragon zombie
   111 | D:1      | Escaped the Abyss
   170 | D:1      | Reached skill level 2 in Axes
   177 | D:1      | Reached XP level 2. HP: 10/24 MP: 3/3
   180 | D:1      | Reached * piety under Lugonu
   332 | D:1      | Reached XP level 3. HP: 16/29 MP: 4/4
   352 | D:1      | Reached skill level 3 in Axes
   736 | D:2      | Reached XP level 4. HP: 13/35 MP: 5/5
   749 | D:2      | Noticed Sigmund
   755 | D:2      | Killed from afar by Sigmund

Levels and vault maps discovered:
D:1:      dpeg_arrival_pond, layout_loops_ring
D:2:      layout_loops_ring, elyvilon_altar_5, uniq_sigmund

Skill      XL: |  1  2  3 |
---------------+----------+-----
Axes           | 2 3 |  3.8
Fighting       | |  3.0
Armour         | |  1.5
Dodging        | |  0.7
Invocations    | |  1.5

Action                   |  1- 3 |  4- 6 || total
-------------------------+-------+-------++-------
Melee: Hand axe          |   121 |     2 ||   123
Invok: Depart the Abyss  |     1 |       ||     1
  Use: Scroll            |     3 |       ||     3
 Stab: Sleeping          |     1 |       ||     1
Armor: Leather armour    |    40 |     1 ||    41
Dodge: Dodged            |    53 |     2 ||    55

Table legend:
 A = Turns spent in this place as a percentage of turns spent in the entire game.
 B = Non-inter-level travel turns spent in this place as a percentage of non-inter-level travel turns spent in the entire game.
 C = Inter-level travel turns spent in this place as a percentage of turns spent in this place.
 D = Turns resting spent in this place as a percentage of non-inter-level travel turns spent in this place.
 E = Turns spent auto-exploring this place as a percentage of non-inter-level travel turns spent in this place.
 F = Non-inter-level travel turns spent in this place divided by the number of levels of this place that you've seen.
                   A       B       C       D       E      F
               +-------+-------+-------+-------+-------+----------------------
         Total | 100.0 | 100.0 |   4.2 |   0.7 |   2.6 | 241.0
       Dungeon |  85.3 |  84.6 |   5.0 |   0.8 |   3.1 | 306.0
         Abyss |  14.7 |  15.4 |   0.0 |   0.0 |   0.0 | 111.0
               +-------+-------+-------+-------+-------+----------------------

Table legend:
 A = Kills in this place as a percentage of kills in entire the game.
 B = Kills by you in this place as a percentage of kills by you in the entire game.
 C = Kills by friends in this place as a percentage of kills by friends in the entire game.
 D = Other kills in this place as a percentage of other kills in the entire game.
 E = Experience gained in this place as a percentage of experience gained in the entire game.
 F = Experience gained in this place divided by the number of levels of this place that you have seen.
                   A       B       C       D       E      F
               +-------+-------+-------+-------+-------+----------------------
         Total | 100.0 | 100.0 |   N/A |   N/A | 100.0 |  41.7
       Dungeon | 100.0 | 100.0 |   N/A |   N/A | 100.0 |  62.5
               +-------+-------+-------+-------+-------+----------------------

Levels and vault maps discovered:
D:1:      dpeg_arrival_pond, layout_loops_ring
D:2:      layout_loops_ring, elyvilon_altar_5, uniq_sigmund
